 Dungeon Crawl Stone Soup version 0.18-b1-14-g029dad2 (webtiles) character file.

6 Alarkh the Charmwright (level 1, -2/11 HPs)
             Began as a Vine Stalker Skald on Apr 30, 2016.
             Slain by a hobgoblin
             ... wielding a +0 club
              (6 damage)
             ... on level 1 of the Dungeon.
             The game lasted 00:00:11 (97 turns).

Alarkh the Charmwright (Vine Stalker Skald)           Turns: 97, Time: 00:00:12

Health: -2/11      AC:  3    Str: 14    XL:     1   Next: 90%
Magic:  0/4        EV: 11    Int: 12    God:
Gold:   33         SH:  0    Dex: 13    Spells: 1 memorised, 3 levels left

rFire  . . .     SeeInvis .     a - +0 spear
rCold  . . .     Gourm    .     b - +0 leather armour
rNeg   . . .     Faith    .     (no shield)
rPois  .         Spirit   +     (no helmet)
rElec  .         Dismiss  .     (no cloak)
rCorr  .         Reflect  .     (no gloves)
SustAt .         Harm     .     (no boots)
MR     .....                    (no amulet)
Stlth  +.........               (no ring)
                                (no ring)

@: not resistant to hostile enchantments, very unstealthy
A: fangs 2, regeneration 1, magic shield, antimagic bite, no device heal 3, rot
immunity
a: no special abilities


You were on level 1 of the Dungeon.
You were not hungry.

You visited 1 branch of the dungeon, and saw 1 of its levels.

You collected 33 gold pieces.

Inventory:

Hand Weapons
 a - a +0 spear (weapon)
Armour
 b - a +0 leather armour (worn)
Scrolls
 e - a scroll of identify {unknown}
Books
 c - a book of Battle

   Spells                             Type                      Level
   a - Infusion                       Charms                       1
   b - Shroud of Golubria             Charms/Translocation         2
   c - Song of Slaying                Charms                       2
   d - Spectral Weapon                Hexes/Charms                 3
   e - Regeneration                   Charms/Necromancy            3
Comestibles
 d - 2 bread rations


   Skills:
 - Level 1.7 Fighting
 * Level 2.1 Polearms
 - Level 0.7 Armour
 - Level 0.7 Dodging
 + Level 2.2 Spellcasting
 + Level 3.1 Charms


You had 3 spell levels left.
You knew the following spells:

 Your Spells              Type           Power        Failure   Level  Hunger
a - Infusion              Chrm           #...         12%         1    ##.....


Dungeon Overview and Level Annotations

Branches:
Dungeon (1/15)

Altars:


Innate Abilities, Weirdness & Mutations

You have extremely sharp teeth.
Your natural rate of healing is unusually fast.
When hurt, damage is shared between your health and your magic reserves.
Your bite disrupts and absorbs the magic of your enemies.
Potions and wands cannot restore your health.
You are immune to rotting.


Message History

There are monsters nearby!
There are monsters nearby!
The hobgoblin shouts!
Attack whom?
Press: ? - help, Dir - move target cursor, f - giant gecko
Aim: a giant gecko (hasn't noticed you)
You reach to attack!
You completely miss the goblin. You barely miss the hobgoblin.
The hobgoblin barely misses you.
You hit the goblin but do no damage. Your bite misses the goblin.
You are no longer magically infusing your attacks.
The goblin hits you but does no damage.
The hobgoblin hits you but does no damage.
You hit the goblin but do no damage. The giant gecko bites you.
The goblin hits you with a club. The hobgoblin misses you.
You hit the goblin. Your bite misses the goblin.
The goblin is moderately wounded.
The giant gecko bites you. The goblin hits you but does no damage.
The hobgoblin hits you with a club!
Ouch! That really hurt!
You die...

....... ### ....... #..
# ...... #.#.# .....
#.#.# ####.#.## #.#.####
#.......# ####.......
#.....gg####.....#.#####
#.....l@.....##.##.##...
#..........####..#.##..#
#........>...........(.#
#.......###..##..†.....#
#...!...##.........>...#
#.......##>......#.#.#.#
#.......# .............#
######.## ....#.##..†...
#. .####.##......


You could see a giant gecko, a hobgoblin and a goblin.

Vanquished Creatures
  A dart slug (D:1)
  A giant cockroach (D:1)
  2 giant newts (D:1)
  A rat (D:1)
5 creatures vanquished.

Notes
Turn   | Place    | Note
--------------------------------------------------------------
     0 | D:1      | Alarkh the Vine Stalker Skald began the quest for the Orb.
     0 | D:1      | Reached XP level 1. HP: 11/11 MP: 4/4
    97 | D:1      | Slain by a hobgoblin

Skill      XL: |  1 |
---------------+----+-----
Polearms       | 2 |  2.1
Fighting       | |  1.7
Armour         | |  0.7
Dodging        | |  0.7
Spellcasting   | |  2.2
Charms         | |  3.1

Action                   || total
-------------------------++-------
Melee: Spear             ||    16
       Bite              ||     2
 Cast: Infusion          ||     2
Armor: Leather armour    ||     5
Dodge: Dodged            ||     5
